 Dungeon Crawl Stone Soup version 0.27.1 (webtiles) character file.

Game seed: 9509110786140803098

48895 cummra the Geomancer (level 14, -4/83 HPs)
             Began as a Gargoyle Earth Elementalist on Aug 23, 2021.
             Was an Elder of Vehumet.
             Killed by Lee's Rapid Deconstruction
             ... invoked by Jorgrun
              (22 damage)
             ... on level 2 of the Orcish Mines.
             The game lasted 01:30:52 (25238 turns).

cummra the Geomancer (Gargoyle Earth Elementalist) Turns: 25238, Time: 01:30:52

Health: -4/83      AC: 27    Str: 12    XL:     14   Next: 48%
Magic:  27/27      EV: 13    Int: 21    God:    Vehumet [****..]
Gold:   1710       SH: 12    Dex: 10    Spells: 28/32 levels left

rFire    + . .     SeeInvis .   k - +2 whip (freeze)
rCold    + + .     Faith    .   n - +2 buckler
rNeg     + . .     Spirit   .   D - +1 robe {rC+}
rPois    ∞         Reflect  +   l - +2 hat
rElec    +         Harm     .   F - scarf {rC+ rF+}
rCorr    .         Rampage  .   v - +1 pair of gloves
Will     +....                  o - +0 pair of boots
Stlth    ++........             y - amulet of reflection
HPRegen  0.23/turn              f - +4 ring of protection
MPRegen  0.20/turn              e - +4 ring of protection

@: flying
A: sickness immunity, AC +10, big wings, negative energy resistance 1,
electricity resistance, torment resistance 1, petrification resistance
a: Renounce Religion


You were on level 2 of the Orcish Mines.
You worshipped Vehumet.
Vehumet was greatly pleased with you.
You visited 4 branches of the dungeon, and saw 19 of its levels.

You collected 2139 gold pieces.
You spent 429 gold pieces at shops.

Inventory:

Hand Weapons
 k - a +2 whip of freezing (weapon)
Armour
 l - a +2 hat (worn)
 n - a +2 buckler (worn)
 o - a +0 pair of boots (worn)
 v - a +1 pair of gloves (worn)
 D - a +1 robe of cold resistance (worn)
 F - a scarf of resistance (worn)
Jewellery
 e - a +4 ring of protection (right hand)
 f - a +4 ring of protection (left hand)
 h - a ring of see invisible
 q - a ring of positive energy
 y - an amulet of reflection (around neck)
 C - a ring of ice
Wands
 x - a wand of flame (1)
 G - a wand of polymorph (14)
 M - a wand of charming (7)
Scrolls
 b - a scroll of holy word
 d - a scroll of amnesia
 m - a scroll of enchant weapon
 p - a scroll of blinking
 r - 9 scrolls of teleportation
 w - 2 scrolls of enchant armour
 z - a scroll of fog
 B - a scroll of identify
 K - 4 scrolls of magic mapping
 L - a scroll of brand weapon
Potions
 a - a potion of berserk rage
 g - a potion of ambrosia
 i - 3 potions of magic
 j - 3 potions of haste
 A - 2 potions of heal wounds
 E - a potion of resistance
 J - a potion of cancellation


   Skills:
 + Level 7.8 Fighting
 + Level 7.2 Maces & Flails
 + Level 7.9 Armour
 + Level 6.2 Dodging
 - Level 2.1 Stealth
 + Level 8.0 Shields
 + Level 9.7 Spellcasting
 + Level 11.0 Conjurations
 - Level 2.1 Necromancy
 - Level 0.7 Transmutations
 + Level 12.5 Earth Magic
 + Level 6.5 Evocations


You had 28 spell levels left.
You knew the following spells:

 Your Spells              Type           Power      Damage    Failure   Level
a - Sandblast             Erth           100%       2d20      1%          1
b - Stone Arrow           Conj/Erth      100%       3d13      1%          3

Your spell library contained the following spells:

 Spells                   Type           Power      Damage    Failure   Level
 Inner Flame              Hex/Fire       10%        N/A       5%          3
 Passwall                 Tmut/Erth      31%        N/A       1%          2
 Petrify                  Tmut/Erth      38%        N/A       4%          4
 Frozen Ramparts          Ice            20%        1d4       5%          3
 Summon Small Mammal      Summ           40%        N/A       7%          1
 Call Canine Familiar     Summ           10%        N/A       21%         3
 Summon Guardian Golem    Hex/Summ       10%        N/A       21%         3
 Ice Form                 Ice/Tmut       11%        N/A       50%         4
 Summon Ice Beast         Ice/Summ       10%        N/A       54%         4


Dungeon Overview and Level Annotations

Branches:
Dungeon (10/15)            Temple (1/1) D:6            Lair (6/6) D:8
  Swamp (0/4) Lair:4       Spider (0/4) Lair:3        Slime (0/5) Lair:5
    Orc (2/2) D:9             Elf (0/3) Orc:2

Altars:
Ashenzari
Cheibriados
Dithmenos
Elyvilon
Fedhas
Gozag
Hepliaklqana
Kikubaaqudgha
Makhleb
Nemelex Xobeh
Okawaru
Qazlal
Ru
Sif Muna
Trog
Uskayaw
Vehumet
Wu Jian
Xom
Yredelemnul
Zin
The Shining One
Jiyva

Shops:
D:3 *   D:9 ?

Annotations:
D:8 exclusion: oklob sapling
D:9 2 transporters, mhtbhm's ghost, novice MiBe
Lair:3 exclusion: oklob plant
Orc:2 Jorgrun


Innate Abilities, Weirdness & Mutations

You are immune to sickness and miasma.
Your stone body is resilient. (AC +10)
You are immune to poison.
Your large and strong wings let you fly.
You resist negative energy. (rN+)
You are resistant to electric shocks. (rElec)
You are resistant to unholy torment.
You are immune to petrification.


Message History

You shatter!!
The blast of rock fragments hits something!!
Reactivating autopickup.
You hear a shout!
Casting: Stone Arrow (safe; 1% risk of failure)
Confirm with . or Enter, or press ? or * to list all spells.
Aiming: Stone Arrow (safe; 1% risk of failure)
Press: ? - help, Shift-Dir - straight line, f - orc
Aim: an orc, wielding a +0 mace, wearing a +0 chain mail and quivering boomerangs (84% to hit)
The stone arrow hits the orc!
You kill the orc!
Vehumet accepts your kill.
You feel your power returning.
Jorgrun points at you and mumbles some strange words.
You shatter!!
You hear a bark! x2
Casting: Stone Arrow (safe; 1% risk of failure)
Confirm with . or Enter, or press ? or * to list all spells.
Aiming: Stone Arrow (safe; 1% risk of failure)
Press: ? - help, Shift-Dir - straight line, f - orc priest
Aim: an orc priest, wielding a +0 club and wearing a +0 ring mail (81% to hit)
The stone arrow hits the orc priest!
You kill the orc priest!
Vehumet accepts your kill.
You feel your power returning.
You fly upwards.
There is a stone staircase leading down here.
You start resting.
Magic restored.
You start resting.
HP restored.
You fly downwards.
Level annotation: Jorgrun Jorgrun gestures at you while chanting.
The iron shot hits you!!!
Ouch! That really hurt!
* * * LOW HITPOINT WARNING * * *
Jorgrun casts a spell at you.
You shatter!!
You die...

...............
...$......#....
...............
...............
$..<...o...g...
.....[..h......
>......$†......
...[.[[@...[...
........[......
......$........
........o......
...........####
...........#
...........#
...........#


You could see Jorgrun, an orc warrior, a hell hound and an orc wizard.

Vanquished Creatures
  Rupert (Lair:3)
  A dire elephant (Lair:6)
  Snorg (Orc:1)
  Josephine (Lair:6)
  3 hydras
  Fannar (Lair:3)
  Harold (D:7)
  A catoblepas (Lair:6)
  3 two-headed ogres
  6 death yaks (Lair:6)
  A deep troll shaman (Lair:6)
  Urug (Lair:6)
  Sonja (Lair:3)
  2 lindwurms (Lair:5)
  Maurice (D:9)
  8 elephants
  4 black mambas
  18 cane toads
  2 torpor snails (Lair:5)
  A kobold demonologist (D:8)
  Maggie (D:7)
  A rime drake (shapeshifter) (Lair:5)
  5 rime drakes
  6 komodo dragons
  2 trolls
  5 polar bears
  3 hornets
  4 blink frogs (Lair:5)
  A shadow (D:9)
  2 wyverns
  5 wraiths (Lair:6)
  A redback (Lair:3)
  41 yaks
  4 basilisks
  A steam dragon (D:10)
  14 water moccasins
  6 ice beasts
  A sky beast (D:6)
  3 black bears
  8 wolves
  2 necrophages
  3 ogres
  9 orc warriors
  3 centaurs
  2 phantoms
  16 bullfrogs
  A gnoll sergeant (D:9)
  2 scorpions
  A water moccasin zombie (D:6)
  A water moccasin skeleton (D:5)
  9 killer bees
  9 wights
  4 howler monkeys
  A bullfrog zombie (D:6)
  A centaur zombie (D:8)
  2 hounds
  5 orc priests
  Crazy Yiuf (D:7)
  11 orc wizards
  2 iguanas
  3 killer bee zombies
  A hound skeleton (D:4)
  2 howler monkey zombies
  8 gnolls
  10 adders
  5 white imps
  2 ufetubi
  An adder zombie (D:4)
  4 worms
  2 dart slugs (D:1)
  41 orcs
  10 endoplasms
  3 giant cockroaches
  5 goblins
  8 hobgoblins
  7 jackals
  4 quokkas
  10 ball pythons
  8 bats
  3 frilled lizards
  8 kobolds
  5 rats
407 creatures vanquished.

Vanquished Creatures (others)
  An orc wizard (Orc:2)
  18 fungi
  61 plants
80 creatures vanquished.

Grand Total: 487 creatures vanquished

Notes
Turn   | Place    | Note
-------+----------+-------------------------------------------
     0 | D:1      | cummra the Gargoyle Earth Elementalist began the quest for
                  | the Orb.
     0 | D:1      | Reached XP level 1. HP: 10/10 MP: 3/3
    95 | D:1      | Found a faded altar of an unknown god.
   150 | D:1      | Reached skill level 4 in Earth Magic
   150 | D:1      | Reached XP level 2. HP: 12/15 MP: 1/5
   680 | D:1      | Reached XP level 3. HP: 19/19 MP: 4/6
   937 | D:1      | Found a glowing silver altar of Zin.
   954 | D:1      | Learned a level 3 spell: Stone Arrow
  1459 | D:2      | Found an ornate altar of the Wu Jian Council.
  2212 | D:2      | Reached XP level 4. HP: 13/24 MP: 4/8
  2759 | D:2      | Reached skill level 1 in Conjurations
  3469 | D:3      | Found Isejiuf's Assorted Antiques.
  3672 | D:4      | Found a shimmering blue altar of Sif Muna.
  3693 | D:3      | Reached skill level 1 in Necromancy
  3694 | D:3      | Reached skill level 5 in Earth Magic
  3694 | D:3      | Reached XP level 5. HP: 7/28 MP: 1/9
  4055 | D:4      | Found an ancient bone altar of Kikubaaqudgha.
  4232 | D:4      | Noticed a phantom
  4237 | D:4      | Killed a phantom
  4341 | D:4      | Found a burning altar of Makhleb.
  4342 | D:4      | Noticed a necrophage
  4357 | D:4      | Reached XP level 6. HP: 32/32 MP: 6/11
  4359 | D:4      | Killed a necrophage
  4908 | D:5      | Entered Level 5 of the Dungeon
  4909 | D:5      | Identified a scroll of acquirement
  4909 | D:5      | Acquired 725 gold pieces
  4999 | D:3      | Bought a scorched lead ring for 85 gold pieces
  4999 | D:3      | Identified the ring of Udof {rN+ Int-2 Dex+3} (You bought
                  | it in a shop on level 3 of the Dungeon)
  5496 | D:5      | Reached skill level 6 in Earth Magic
  5496 | D:5      | Reached XP level 7. HP: 27/36 MP: 9/13
  5851 | D:6      | Found a staircase to the Ecumenical Temple.
  5861 | Temple   | Entered the Ecumenical Temple
  6293 | D:6      | Found a shadowy altar of Dithmenos.
  6548 | D:6      | Reached XP level 8. HP: 41/41 MP: 11/15
  6558 | D:6      | Reached skill level 7 in Earth Magic
  6566 | D:6      | Reached skill level 5 in Spellcasting
  6740 | D:6      | Reached skill level 5 in Conjurations
  7327 | D:7      | Found a white marble altar of Elyvilon.
  7329 | D:7      | Noticed a hornet
  7339 | D:7      | Killed a hornet
  7340 | D:7      | Reached skill level 8 in Earth Magic
  7500 | D:7      | Reached XP level 9. HP: 45/45 MP: 10/18
  7578 | D:7      | Noticed Harold
  7647 | D:7      | Found a hazy altar of Hepliaklqana.
  7871 | D:7      | Killed Harold
  7872 | D:7      | Reached skill level 9 in Earth Magic
  8123 | D:7      | Noticed Maggie
  8137 | D:7      | Killed Maggie
  8153 | D:7      | Reached skill level 1 in Shields
  8187 | D:7      | Reached skill level 1 in Fighting
  8187 | D:7      | Reached skill level 1 in Maces & Flails
  8187 | D:7      | Reached skill level 1 in Armour
  8329 | D:7      | Reached skill level 1 in Evocations
  8329 | D:7      | Reached XP level 10. HP: 52/52 MP: 16/20
  8552 | D:7      | Found a runed translucent door.
  8553 | D:7      | Noticed Crazy Yiuf
  8557 | D:7      | Killed Crazy Yiuf
  9060 | D:8      | Found a staircase to the Lair.
  9443 | D:8      | Reached skill level 10 in Earth Magic
  9565 | D:8      | Found a glowing golden altar of the Shining One.
  9699 | D:8      | Noticed a two-headed ogre
  9847 | D:8      | Noticed a kobold demonologist
  9854 | D:8      | Killed a kobold demonologist
 10105 | D:9      | Found a blossoming altar of Fedhas.
 10371 | D:9      | Found a transporter.
 10415 | D:9      | Noticed an ice dragon
 10415 | D:9      | Noticed mhtbhm's ghost (novice MiBe)
 10417 | D:9      | Noticed a moth of wrath
 10417 | D:9      | Noticed a manticore
 10440 | D:9      | Found a transporter.
 11078 | D:9      | Found Citiah's Magic Scroll Boutique.
 11112 | D:9      | Bought a scroll of identify for 32 gold pieces
 11112 | D:9      | Bought 2 scrolls of teleportation for 96 gold pieces
 11112 | D:9      | Bought a scroll of identify for 32 gold pieces
 11112 | D:9      | Bought a scroll of identify for 32 gold pieces
 11190 | D:9      | Noticed Maurice
 11200 | D:9      | Killed Maurice
 11301 | D:9      | Found a staircase to the Orcish Mines.
 11708 | D:9      | Noticed a two-headed ogre
 11719 | D:9      | Killed a two-headed ogre
 11720 | D:9      | Reached XP level 11. HP: 60/60 MP: 15/22
 11812 | D:9      | Found a sacrificial altar of Ru.
 11859 | D:10     | Entered Level 10 of the Dungeon
 12324 | D:10     | Found a hide-covered altar of Uskayaw.
 12449 | D:10     | Noticed a two-headed ogre
 12455 | D:10     | Killed a two-headed ogre
 12496 | D:10     | Found an iron altar of Okawaru.
 12705 | D:10     | Found a radiant altar of Vehumet.
 12725 | D:10     | Became a worshipper of Vehumet
 12853 | D:8      | Killed a two-headed ogre
 13067 | Lair:1   | Entered Level 1 of the Lair of Beasts
 14069 | Lair:2   | Noticed a four-headed hydra
 14073 | Lair:2   | Killed a four-headed hydra
 14089 | Lair:2   | Reached skill level 5 in Armour
 14093 | Lair:2   | Reached XP level 12. HP: 68/68 MP: 5/24
 14229 | Lair:2   | Reached skill level 5 in Shields
 14232 | Lair:2   | Reached skill level 11 in Earth Magic
 14248 | Lair:2   | Reached skill level 5 in Fighting
 14463 | Lair:2   | Reached * piety under Vehumet
 14463 | Lair:2   | Offered knowledge of Shock by Vehumet.
 15237 | Lair:3   | Found a hole to the Spider Nest.
 15285 | Lair:3   | Noticed a four-headed hydra
 15515 | Lair:3   | Noticed Fannar
 15640 | Lair:3   | Noticed Sonja
 15649 | Lair:3   | Killed Sonja
 15982 | Lair:3   | Reached skill level 5 in Maces & Flails
 16122 | Lair:3   | Killed Fannar
 16183 | Lair:3   | Killed a four-headed hydra
 16373 | Lair:3   | Noticed Rupert
 16389 | Lair:3   | Killed Rupert
 17095 | Lair:4   | Found a staircase to the Swamp.
 17107 | Lair:4   | Found a gate leading to a gauntlet.
 17114 | Lair:4   | Reached skill level 5 in Evocations
 17161 | Lair:4   | Reached skill level 10 in Conjurations
 17161 | Lair:4   | Reached XP level 13. HP: 67/74 MP: 14/25
 17233 | Lair:4   | Reached skill level 5 in Dodging
 17530 | Lair:4   | You fall into a shaft and drop 1 floor!
 17554 | Lair:5   | Found a runed translucent door.
 18218 | Lair:4   | Reached ** piety under Vehumet
 18218 | Lair:4   | Offered knowledge of Static Discharge by Vehumet.
 18654 | D:9      | Bought a scroll of magic mapping for 56 gold pieces
 18654 | D:9      | Bought a scroll of teleportation for 48 gold pieces
 18654 | D:9      | Bought a scroll of teleportation for 48 gold pieces
 19919 | Lair:5   | Offered knowledge of Mephitic Cloud by Vehumet.
 20095 | Lair:5   | Found a viscous altar of Jiyva.
 20097 | Lair:5   | Found a staircase to the Slime Pits.
 20126 | Lair:5   | Reached skill level 12 in Earth Magic
 20587 | Lair:6   | Entered Level 6 of the Lair of Beasts
 20950 | Lair:6   | Reached *** piety under Vehumet
 21295 | Lair:6   | Noticed Josephine
 21303 | Lair:6   | Killed Josephine
 21463 | Lair:6   | Gained mutation: Your large and strong wings let you fly.
                  | [Gargoyle growth]
 21463 | Lair:6   | Reached XP level 14. HP: 82/82 MP: 20/27
 21751 | Lair:6   | Offered knowledge of Airstrike by Vehumet.
 22615 | Lair:6   | Noticed Urug
 22629 | Lair:6   | Killed Urug
 23150 | Lair:6   | Noticed a dire elephant
 23176 | Lair:6   | Killed a dire elephant
 23703 | Orc:1    | Entered Level 1 of the Orcish Mines
 23703 | Orc:1    | Noticed Snorg
 23707 | Orc:1    | Killed Snorg
 24384 | Lair:5   | Identified the ring "Qimol" {*Slow rF+ rC- Slay+6 Stlth+}
 24692 | Orc:2    | Entered Level 2 of the Orcish Mines
 24692 | Orc:2    | Found a staircase to the Elven Halls.
 24730 | Orc:2    | Noticed Jorgrun
 24846 | Orc:1    | Reached **** piety under Vehumet
 24935 | Orc:1    | Offered knowledge of Inner Flame by Vehumet.
 25238 | Orc:2    | Killed from afar by Jorgrun

Illustrated notes

Levels and vault maps discovered:
D:1:      dpeg_arrival_tiny_f, layout_loops_corners,
          hellmonk_ecumenical_altar_dog_temple, kennysheep_flooded_box,
          lexackson_kobold_supper
D:2:      layout_loops_corners, basic_altar, kennysheep_nub,
          minmay_increasing_density
D:3:      layout_basic, serial_shops, shop, amcnicky_mini_pool_small
D:4:      layout_loops_cross, makhleb_blood_cavern_becter,
          nicolae_sif_muna_condensation, marbit_many_paths, hex_tiny
D:5:      layout_gridville, minivault_23
D:6:      layout_cave_pools, overflow_temple_1_default,
          minmay_temple_entry_trees, chequers_ossuary_entry_cave, minmay_puff
D:7:      layout_basic, mainiacjoe_overflow_concentric_impassable,
          old_standard_altar, palyth_stone_intersect, minmay_misc_feat_rows,
          minmay_misc_feat_hallway, uniq_harold, uniq_maggie,
          uniq_crazy_yiuf_cottage
D:8:      wad_cavern_with_rooms, layout_basic, mainiacjoe_overflow_chevrons,
          introduction_to_nature_1
D:9:      layout_basic, fedhas_bush_and_centaur_altar, nicolae_ru_path_of_blood,
          david_orc_3, gammafunk_ghost_berserking_beasts, serial_shops, shop,
          uniq_maurice
D:10:     layout_loops_ring, lemuel_crystal_altar, vehumet_altar_wand_db,
          lemuel_doored_altar
Temple:   eino_temple_lava
Lair:1:   layout_loops_ring
Lair:2:   layout_roguey, grunt_megastairs_5
Lair:3:   layout_cellular_growth, spider_nest_entry_webs,
          minmay_lair_oklob_chamber, grunt_megastairs_1, uniq_fannar,
          uniq_sonja, uniq_rupert
Lair:4:   layout_gridlike, swamp_mist_pool, gauntlet_entry_generic,
          grunt_megastairs_3, infiniplex_staircase_pool_2
Lair:5:   layout_cave_pods, slime_altar_2, serial_forest,
          infiniplex_forest_straight_5, infiniplex_forest_straight_3,
          infiniplex_forest_corner_1, infiniplex_forest_end_3,
          infiniplex_forest_end_3, infiniplex_forest_lined_3_way,
          infiniplex_forest_end_3, minmay_lindwurm_lava
Lair:6:   grunt_lair_end_beastmaster, layout_layer_cave, st_stairs_4,
          grunt_megastairs_4, serial_bayou_shore_b, infiniplex_staircase_pool,
          uniq_josephine, uniq_urug
Orc:1:    layout_caves, uniq_snorg
Orc:2:    st_orc_congregation, layout_caves, basic_altar, uniq_jorgrun,
          uniq_azrael

Skill      XL: |  1  2  3  4  5  6  7  8  9 10 11 12 13 14 |
---------------+-------------------------------------------+-----
Earth Magic    | 4 5 6 8 9 10 11 12 | 12.5
Conjurations   | 1 2 3 4 6 7 8 9 10 11 | 11.0
Spellcasting   | 3 4 6 7 8 9 |  9.7
Necromancy     | 1 2 |  2.1
Shields        | 1 3 4 6 7 8 |  8.0
Fighting       | 1 3 4 6 7 |  7.8
Maces & Flails | 1 3 4 5 6 7 |  7.2
Armour         | 1 3 5 6 7 |  7.9
Evocations     | 1 2 4 5 6 |  6.5
Dodging        | 3 4 5 6 |  6.2
Stealth        | |  2.1
Transmutations | |  0.7

Action                   |  1- 3 |  4- 6 |  7- 9 | 10-12 | 13-15 || total
-------------------------+-------+-------+-------+-------+-------++-------
Melee: Unarmed           |    25 |       |       |       |       ||    25
       Mace              |    10 |       |       |       |       ||    10
       Whip              |    49 |    26 |     7 |    28 |    55 ||   165
 Cast: Sandblast         |    38 |    54 |    72 |   219 |   259 ||   642
       Stone Arrow       |       |     5 |    39 |   140 |   176 ||   360
Evoke: Wand              |       |       |       |    64 |    19 ||    83
  Use: Scroll            |     1 |     7 |     4 |    11 |     8 ||    31
       Potion            |       |     1 |     1 |     2 |     4 ||     8
 Stab: Sleeping          |     1 |       |       |       |       ||     1
Armor: Robe              |    40 |    22 |    19 |    74 |   155 ||   310
Dodge: Dodged            |    77 |    21 |    18 |    90 |   156 ||   362
Block: Buckler           |       |       |     1 |    58 |   174 ||   233
       Reflection        |       |       |       |     1 |     2 ||     3
